 Dungeon Crawl Stone Soup version 0.21-a0-521-g1cd18d1 (webtiles) character file.

46 slep the Skirmisher (level 3, -2/33 HPs)
             Began as a Minotaur Monk on Dec 6, 2017.
             Killed from afar by Sigmund (10 damage)
             ... with a puff of flame
             ... on level 2 of the Dungeon.
             The game lasted 00:03:49 (802 turns).

slep the Skirmisher (Minotaur Monk)                  Turns: 802, Time: 00:03:49

Health: -2/33      AC:  8    Str: 15    XL:     3   Next: 44%
Magic:  2/2        EV:  7    Int:  7    God:
Gold:   73         SH:  0    Dex: 13    Spells: 2/2 levels left

rFire    . . .     SeeInvis .   a - +0 hand axe
rCold    . . .     Gourm    .   (no shield)
rNeg     + . .     Faith    .   j - +0 chain mail
rPois    .         Spirit   .   (helmet restricted)
rElec    .         Reflect  .   e - scarf {repulsion}
rCorr    .         Harm     .   (no gloves)
MR       .....     Rnd*Tele +   (no boots)
Stlth    ..........             (no amulet)
HPRegen  0.11/turn              f - ring of positive energy
MPRegen  0.08/turn              p - ring of teleportation (curse)

@: confused, very slightly contaminated, invisible, repel missiles
A: retaliatory headbutt, horns 2
a: no special abilities


You were on level 2 of the Dungeon.
You were not hungry.

You visited 1 branch of the dungeon, and saw 2 of its levels.

You collected 73 gold pieces.

Inventory:

Hand Weapons
 a - a +0 hand axe (weapon)
Missiles
 g - 26 sling bullets
Armour
 b - a +0 robe
 e - a scarf of repulsion (worn)
 j - a +0 chain mail (worn)
 l - a +0 cloak
Jewellery
 f - a ring of positive energy (left hand)
 p - a cursed ring of teleportation (right hand)
Scrolls
 i - a scroll of amnesia {unknown}
 m - a scroll of identify {unknown}
 o - a scroll of enchant armour {unknown}
Potions
 k - a potion of might {unknown}
Books
 q - a book of Cantrips

   Spells                             Type                      Level
   a - Confusing Touch                Hexes                        1
   b - Animate Skeleton               Necromancy                   1
   c - Summon Small Mammal            Summoning                    1
   d - Apportation                    Translocation                1
Comestibles
 c - a bread ration
 h - a fruit
 n - 3 chunks of flesh


   Skills:
 + Level 4.2 Fighting
 + Level 4.2 Axes
 + Level 0.1 Armour
 + Level 3.8 Dodging
 + Level 1.8 Stealth


You had 2 spell levels left.
You didn't know any spells.

Dungeon Overview and Level Annotations

Branches:
Dungeon (2/15)

Altars:

Annotations:
D:2 Sigmund


Innate Abilities, Weirdness & Mutations

You reflexively headbutt those who attack you in melee.
You have a pair of horns on your head.


Message History

Your chain mail prevents you from hitting Sigmund.
Sigmund is heavily wounded.
Sigmund barely misses you.
You hit Sigmund but do no damage.
Sigmund is heavily wounded.
You catch the helpless Sigmund completely off-guard!
You hit Sigmund.
Sigmund is severely wounded.
Sigmund closely misses you.
You catch the helpless Sigmund completely off-guard!
You hit Sigmund. Your headbutt misses Sigmund.
Sigmund is almost dead.
Sigmund gestures at you while chanting.
You are confused.
Your chain mail prevents you from hitting Sigmund.
You headbutt Sigmund, but do no damage.
Sigmund is almost dead.
Sigmund gestures at you while chanting. The puff of flame hits you!
You die...

#........## #.......#
#.#
#.###.#...#####.....#
#.# #..#.#.##
#.....###.#
#.##.##.###.#.#......
#....##.##...†#####..
#.##.##.##.#.........
##.#.#.###....######.
#.#####...## ###...##
#. #.......@##
##.....## #.
#######.@##
##.......#### #....#
#.........###
#....>..+.........+..
##....###.........###
##.#.# ##.......## #
###.# ##.....## # .#
##...## # .# ##+## #


You could see Sigmund.

Vanquished Creatures
  Robin (D:2)
  A worm (D:2)
  A leopard gecko (D:1)
  A giant cockroach (D:1)
  9 goblins
  8 hobgoblins
  A kobold (D:1)
  3 bats
  A frilled lizard (D:2)
  2 rats (D:1)
28 creatures vanquished.

Notes
Turn   | Place    | Note
-------+----------+-------------------------------------------
     0 | D:1      | slep the Minotaur Monk began the quest for the Orb.
     0 | D:1      | Reached XP level 1. HP: 19/19 MP: 0/0
   287 | D:1      | Reached XP level 2. HP: 17/27 MP: 1/1
   635 | D:2      | Noticed Robin
   638 | D:2      | Reached XP level 3. HP: 27/33 MP: 2/2
   657 | D:2      | Killed Robin
   774 | D:2      | Noticed Sigmund
   802 | D:2      | Killed from afar by Sigmund

Vault maps used:
D:1:      lightli_arrival_maybe_door_vault
D:2:      uniq_sigmund, uniq_robin

Skill      XL: |  1  2 |
---------------+-------+-----
Fighting       | 4 |  4.2
Axes           | 4 |  4.2
Armour         | |  0.1
Dodging        | |  3.8
Stealth        | |  1.8

Action                   || total
-------------------------++-------
Melee: Hand axe          ||    87
       Headbutt          ||    11
  Use: Potion            ||     1
 Stab: Sleeping          ||     1
       Invisible         ||     4
Armor: Robe              ||     2
       Chain mail        ||    16
Dodge: Dodged            ||    45
       Deflected         ||     2

Table legend:
 A = Spawn XP
 B = Non-spawn XP
 C = Spawn XP percentage of total XP
 D = Spawn monster count
 E = Non-spawn monster count
 F = Spawn count percentage of total count
 G = Total turns spent on level
                    A         B        C        D         E        F      G
               +---------+---------+-------+---------+---------+-------+---------
         Total |       0 |      66 |   0.0 |       0 |      28 |   0.0 |   802
               +---------+---------+-------+---------+---------+-------+---------
           D:1 |       0 |      24 |   0.0 |       0 |      13 |   0.0 |   623
           D:2 |       0 |      42 |   0.0 |       0 |      15 |   0.0 |   179
               +---------+---------+-------+---------+---------+-------+---------
